 Dungeon Crawl Stone Soup version 0.27-a0-13-g87abb2d9eb (webtiles) character file.

Game seed: 13885716840068054646

23 funkygono the Gusty (level 2, -3/20 HPs)
             Began as a Draconian Air Elementalist on Jan 2, 2021.
             Slain by an iguana (14 damage)
             ... on level 2 of the Dungeon.
             The game lasted 00:02:05 (1163 turns).

funkygono the Gusty (Draconian Air Elementalist)    Turns: 1163, Time: 00:02:05

Health: -3/20      AC:  4    Str: 10    XL:     2   Next: 72%
Magic:  2/5        EV: 12    Int: 15    God:
Gold:   75         SH:  0    Dex: 11    Spells: 2/5 levels left

rFire    + . .     SeeInvis .   e - +0 dagger
rCold    + . .     Faith    .   (no shield)
rNeg     . . .     Spirit   .   (armour unavailable)
rPois    .         Reflect  .   (helmet restricted)
rElec    .         Harm     .   c - scarf {rC+ rF+}
rCorr    .         Rampage  .   (no gloves)
Will     .....                  (no boots)
Stlth    ++........             (no amulet)
HPRegen  0.06/turn              (no ring)
MPRegen  0.09/turn              (no ring)

@: no status effects
A: unfitting armour, cold-blooded, AC +4
a: no special abilities


You were on level 2 of the Dungeon.
You visited 1 branch of the dungeon, and saw 2 of its levels.

You collected 75 gold pieces.

Inventory:

Hand Weapons
 e - a +0 dagger (weapon)
Armour
 c - a scarf of resistance (worn)
Scrolls
 b - a scroll of teleportation
Potions
 d - 2 potions of flight
 f - a potion of berserk rage {unknown}


   Skills:
 * Level 2.0 Dodging
 + Level 2.1 Stealth
 * Level 2.0 Spellcasting
 * Level 1.5 Conjurations
 * Level 3.4 Air Magic


You had 2 spell levels left.
You knew the following spells:

 Your Spells              Type           Power        Failure   Level
a - Shock                 Conj/Air       32%          9%          1
b - Swiftness             Air            11%          9%          2

Your spell library contained the following spells:

 Spells                   Type           Power        Failure   Level
 Static Discharge         Conj/Air       8%           24%         3
 Airstrike                Air            5%           47%         4
 Lightning Bolt           Conj/Air       4%           92%         5


Dungeon Overview and Level Annotations

Branches:
Dungeon (2/15)

Altars:


Innate Abilities, Weirdness & Mutations

Your plain brown scales are hard. (AC +4)
You cannot fit into any form of body armour.
You are cold-blooded and may be slowed by cold attacks.


Message History

Casting: Shock (safe; 9% risk of failure)
Confirm with . or Enter, or press ? or * to list all spells.
Aiming: Shock (safe; 9% risk of failure)
Press: ? - help, Shift-Dir - straight line The zap hits the iguana.
The iguana is lightly wounded.
Casting: Shock (safe; 9% risk of failure)
Confirm with . or Enter, or press ? or * to list all spells.
Aiming: Shock (safe; 9% risk of failure)
Press: ? - help, Shift-Dir - straight line The zap hits the iguana.
The iguana is moderately wounded.
You barely miss the iguana.
Your tail-slap misses the iguana.
The iguana is moderately wounded.
The iguana bites you!
You hit the iguana.
The iguana is heavily wounded.
The iguana bites you!
Ouch! That really hurt!
You die...

#.# ..
## # ..
.#.# >##
.#. ..
.. #. .#
#.##.#.#
#...l@.#
####.###
#. #. #.
#. #. #.


You could see an iguana.

Vanquished Creatures
  A dart slug (D:1)
  2 leopard geckos (D:1)
  2 giant cockroaches (D:1)
  2 goblins (D:1)
  A hobgoblin (D:1)
  4 kobolds (D:1)
  3 bats (D:1)
  A frilled lizard (D:1)
  3 rats (D:1)
19 creatures vanquished.

Notes
Turn   | Place    | Note
-------+----------+-------------------------------------------
     0 | D:1      | funkygono the Draconian Air Elementalist began the quest
                  | for the Orb.
     0 | D:1      | Reached XP level 1. HP: 14/14 MP: 3/3
   359 | D:1      | Reached XP level 2. HP: 20/20 MP: 0/5
   362 | D:1      | Learned a level 2 spell: Swiftness
  1163 | D:2      | Slain by an iguana

Illustrated notes

Levels and vault maps discovered:
D:1:      sevenhm_arrival_forest_fort_small_5, layout_basic
D:2:      layout_loops_cross, vehumet_crystals

Skill      XL: |  1  2 |
---------------+-------+-----
Stealth        | 2 |  2.1
Dodging        | 2 |  2.0
Spellcasting   | |  2.0
Conjurations   | |  1.5
Air Magic      | |  3.4

Action                   || total
-------------------------++-------
Melee: Unarmed           ||     3
       Club              ||     6
       Dagger            ||     2
 Cast: Shock             ||    39
  Use: Scroll            ||     2
Armor: Skin              ||     5
Dodge: Dodged            ||    11

Table legend: (Time is in decaauts)
 A = Elapsed time spent in this place.
 B = Non-inter-level travel time spent in this place.
 C = Inter-level travel time spent in this place.
 D = Time resting spent in this place.
 E = Time spent auto-exploring this place.
 F = Levels seen in this place.
 G = Mean time per level.
                   A        B        C        D        E       F      G
               +--------+--------+--------+--------+--------+-----+--------+
         Total |   1172 |   1133 |     39 |     45 |    957 |   2 |  586.0 |
       Dungeon |   1172 |   1133 |     39 |     45 |    957 |   2 |  586.0 |
               +--------+--------+--------+--------+--------+-----+--------+

Top non-repeatable levels by time:
     D:1: 1167 daAuts
     D:2: 4 daAuts
